 Dungeon Crawl Stone Soup version 0.29-a0-393-g47a863cc1b (webtiles) character file.

Game seed: 15241473258230210482

43 holysushi the Cudgeller (level 3, -3/36 HPs)
             Began as a Troll Monk on May 9, 2022.
             Killed from afar by a dart slug (4 damage)
             ... with a slug dart
             ... on level 2 of the Dungeon.
             The game lasted 00:01:51 (969 turns).

holysushi the Cudgeller (Troll Monk)                 Turns: 969, Time: 00:01:51

Health: -3/36      AC:  4    Str: 19    XL:     3   Next: 37%
Magic:  2/2        EV: 10    Int:  6    God:
Gold:   59         SH:  0    Dex: 14    Spells: 2/2 levels left

rFire   . . .      SeeInvis .   a - +0 mace
rCold   . . .      Faith    .   (no shield)
rNeg    . . .      Spirit   .   b - +0 robe
rPois   .          Reflect  .   (helmet restricted)
rElec   .          Harm     .   (no cloak)
rCorr   .          Rampage  .   (gloves unavailable)
Will    .....                   (boots unavailable)
Stlth   +.........              (no amulet)
HPRegen 0.92/turn               (no ring)
MPRegen 0.08/turn               (no ring)

@: confused, ambrosia-drunk
A: large, unfitting armour, claws 3, regeneration 1, shaggy fur 1, tough skin 1
a: no special abilities


You were on level 2 of the Dungeon.
You visited 1 branch of the dungeon, and saw 2 of its levels.

You collected 59 gold pieces.

Inventory:

Hand Weapons
 a - a +0 mace (weapon)
Missiles
 d - 2 large rocks (quivered)
Armour
 b - a +0 robe (worn)
Scrolls
 e - a scroll of amnesia {unknown}


   Skills:
 - Level 2.4 Fighting
 + Level 3.8 Maces & Flails
 - Level 2.7 Dodging
 - Level 1.0 Stealth


You had 2 spell levels left.
You didn't know any spells.
Your spell library was empty.

Dungeon Overview and Level Annotations

Branches:
Dungeon (2/15)

Altars:

Shops:
D:1 :

Annotations:
D:2 Sigmund


Innate Abilities, Weirdness & Mutations

You are too large for most types of armour.
You have claws for hands.
Your natural rate of healing is unusually fast.
You are covered in fur. (AC +1)
You have tough skin. (AC +1)


Message History

You hit something. You miss something. Something hits you.
You miss something. Something hits you!
You barely miss something.
You hear some strange, mumbled words.
You are confused.
Something hits you but does no damage. The dart slug launches a dart at you.
The slug dart misses you. Something hits you! The dart slug barely misses you.
You are too confused!
It was a potion of curing.
You feel better. Something hits you. The dart slug closely misses you.
Something hits you.
You miss something. The dart slug closely misses you.
You hit something. Something hits you.
The dart slug bites you but does no damage.
You closely miss something. Something hits you!
* * * LOW HITPOINT WARNING * * *
The dart slug launches a dart at you. The slug dart misses you.
You miss something. Something hits you.
* * * LOW HITPOINT WARNING * * *
The dart slug closely misses you.
You miss something. Something hits you!
* * * LOW HITPOINT WARNING * * *
The dart slug bites you but does no damage.
You are confused.
You feel invigorated. Something hits you.
* * * LOW HITPOINT WARNING * * *
Something hits you.
* * * LOW HITPOINT WARNING * * *
Found a stone staircase leading down.
The dart slug bites you.
* * * LOW HITPOINT WARNING * * *
Something hits you!
* * * LOW HITPOINT WARNING * * *
The dart slug launches a dart at you. The slug dart hits you.
You die...

.......#.#
#.......#
.......#..
#.......#
.......##.#
#.......#
.......# .#
#...†...#
.......# .#
#...)...#
.......# ..
#.......#
########
#.......#
#.......+
#..w@...####
#.......'...
#.......####
#.......#
#.......#
.........#
##..#######
#.. #.>


You could see a dart slug.

Vanquished Creatures
  An adder (D:2)
  3 endoplasms
  A giant cockroach (D:1)
  2 goblins (D:1)
  A hobgoblin (D:1)
  4 jackals
  2 kobolds
  5 quokkas
  4 ball pythons (D:1)
  5 bats
  2 frilled lizards
  A rat (D:1)
31 creatures vanquished.

Notes
Turn   | Place    | Note
-------+----------+-------------------------------------------
     0 | D:1      | holysushi the Troll Monk began the quest for the Orb.
     0 | D:1      | Reached XP level 1. HP: 22/22 MP: 0/0
   195 | D:1      | Reached skill level 3 in Maces & Flails
   238 | D:1      | Reached XP level 2. HP: 24/29 MP: 1/1
   245 | D:1      | Found a faded altar of an unknown god.
   307 | D:1      | Found Qaet's Book Boutique.
   785 | D:2      | Reached XP level 3. HP: 36/36 MP: 2/2
   945 | D:2      | Noticed Sigmund
   964 | D:2      | HP: 1/36 [something (7)]
   969 | D:2      | HP: 1/36 [something (12)]
   969 | D:2      | Killed from afar by a dart slug

Illustrated notes

Levels and vault maps discovered:
D:1:      dpeg_arrival_refuge, layout_loops_ring, serial_shops,
          nicolae_shop_behind_doors, dreamdust_ecumenical_altar_statues,
          hangedman_decor_push, minmay_shallow_snake_nest
D:2:      layout_basic, basic_altar, uniq_sigmund

Skill      XL: |  1 |
---------------+----+-----
Maces & Flails | 3 |  3.8
Fighting       | |  2.4
Dodging        | |  2.7
Stealth        | |  1.0

Action                   || total
-------------------------++-------
Melee: Mace              ||    99
       Punch             ||     2
  Use: Potion            ||     2
 Stab: Distracted        ||     1
       Sleeping          ||     1
Armor: Robe              ||    50
Dodge: Dodged            ||    80

Table legend: (Time is in decaauts)
 A = Elapsed time spent in this place.
 B = Non-inter-level travel time spent in this place.
 C = Inter-level travel time spent in this place.
 D = Time resting spent in this place.
 E = Time spent auto-exploring this place.
 F = Levels seen in this place.
 G = Mean time per level.
                   A        B        C        D        E       F      G
               +--------+--------+--------+--------+--------+-----+--------+
         Total |    993 |    955 |     38 |      7 |    680 |   2 |  496.5 |
       Dungeon |    993 |    955 |     38 |      7 |    680 |   2 |  496.5 |
               +--------+--------+--------+--------+--------+-----+--------+

Top non-repeatable levels by time:
     D:1: 728 daAuts
     D:2: 264 daAuts
